 Seeded DCSS version 0.30-a0-924-g0ad0bf95bc (webtiles) character file.

Game seed: 7066997891792816003 (custom seed)

27 GigaChad the Conjurer (level 2, -2/16 HPs)
             Began as a Deep Elf Conjurer on Mar 22, 2023.
             Slain by a gnoll
             ... wielding a +0 whip
              (8 damage)
             ... on level 1 of the Dungeon.
             The game lasted 00:03:26 (1019 turns).

GigaChad the Conjurer (Deep Elf Conjurer)           Turns: 1019, Time: 00:03:27

Health: -2/16      AC:  2    Str:  4    XL:     2   Next: 93%
Magic:  5/8        EV: 17    Int: 22    God:
Gold:   25         SH:  0    Dex: 13    Spells: 6/7 levels left

rFire   . . .      SeeInvis .    c - +0 lajatang
rCold   . . .      Faith    .    (shield currently unavailable)
rNeg    . . .      Spirit   .    a - +0 robe
rPois   .          Reflect  .    (no helmet)
rElec   .          Rampage  .    (no cloak)
rCorr   .                        (no gloves)
Will    +....                    (no boots)
Stlth   ++                       (no amulet)
HPRegen 0.22/turn                e - ring of willpower
MPRegen 0.11/turn                g - +5 ring of evasion

@: no status effects
A: no striking features
a: no special abilities


You were on level 1 of the Dungeon.
You visited 1 branch of the dungeon, and saw 1 of its levels.

You collected 25 gold pieces.

Inventory:

Hand Weapons
 c - a +0 lajatang (weapon)
Armour
 a - a +0 robe (worn)
Jewellery
 e - a ring of willpower (left hand)
 g - a +5 ring of evasion (right hand)
Scrolls
 d - a scroll of identify {unknown}
 f - a scroll of fear {unknown}
Potions
 b - a potion of magic


   Skills:
 * Level 0.3 Fighting
 * Level 0.4 Staves
 * Level 2.6 Dodging
 * Level 2.6 Stealth
 * Level 3.2 Spellcasting
 + Level 5.0 Conjurations


You had 6 spell levels left.
You knew the following spells:

 Your Spells              Type           Power      Damage    Failure   Level
a - Magic Dart            Conj           100%       1d8       1%          1

Your spell library contained the following spells:

 Spells                   Type           Power      Damage    Failure   Level
 Searing Ray              Conj           50%        2d6       2%          2
 Dazzling Flash           Conj/Hex       28%        N/A       13%         3
 Fulminant Prism          Conj/Hex       7%         3d6       41%         4
 Iskenderun's Mystic Bla  Conj/Tloc      14%        2d5       41%         4


Dungeon Overview and Level Annotations

Branches:
Dungeon (1/15)

Altars:

Shops:
D:1 ?*[


Message History

You completely miss the hobgoblin. The hobgoblin hits you.
You slash the hobgoblin!
You kill the hobgoblin!
The rat closely misses you.
You slash the rat!
You kill the rat!
You see here a rat corpse.
You see here a jackal corpse.
You see here a jackal corpse.
A ball python comes into view.
The magic dart hits the ball python!
You kill the ball python!
Your Conjurations skill increases to level 5!
You can't see any susceptible monsters within range! (Use Z to cast anyway.)
f - a scroll labelled ASIRPHIRUGG
g - a +5 ring of evasion
g - a +5 ring of evasion (right hand)
You see here a bat skeleton.
Found a helmet.
A rat and a gnoll come into view.
Found a robe.
The magic dart hits the rat.
You kill the rat!
The magic dart hits the gnoll.
The gnoll is moderately wounded.
The magic dart hits the gnoll.
The gnoll is heavily wounded.
The gnoll closely misses you.
You barely miss the gnoll.
The gnoll is heavily wounded.
The gnoll hits you with a +0 whip. The gnoll closely misses you.
You hit the gnoll but do no damage.
The gnoll is heavily wounded.
The gnoll hits you with a +0 whip!
Ouch! That really hurt!
You hit the gnoll.
The gnoll is severely wounded.
The gnoll hits you but does no damage. The gnoll hits you with a +0 whip!
Ouch! That really hurt!
You die...

#.........# #.##....[..#
#.∩.. #.........#
#.##..##+#.# #....
#.........# #.##..##.#.#
#.... #.........#
#......#.#.# #....
##################.#.#.#
#..†.
#......[..#.#.#.#####.#
.#.....#.#...#.#.....#
.#.#+###.#.###...#.....#
.....†g@.#.....#.......#
[........#######.÷.....#
.........#..............
.........#.#######....>.
.........# #.#'#.#
.........# #.'∩+.#
.........# ###'#.#
.........# #...# #####


You could see a gnoll.

Vanquished Creatures
  A dart slug (D:1)
  2 endoplasms (D:1)
  A giant cockroach (D:1)
  A goblin (D:1)
  2 hobgoblins (D:1)
  5 jackals (D:1)
  3 ball pythons (D:1)
  4 bats (D:1)
  2 frilled lizards (D:1)
  2 rats (D:1)
23 creatures vanquished.

Notes
Turn   | Place    | Note
-------+----------+-------------------------------------------
     0 | D:1      | GigaChad the Deep Elf Conjurer began the quest for the Orb.
     0 | D:1      | Reached XP level 1. HP: 10/10 MP: 6/6
   567 | D:1      | Found Coneu's Antique Armour Shop.
   589 | D:1      | Reached XP level 2. HP: 15/15 MP: 6/8
   668 | D:1      | Found Lacud's Magic Scroll Boutique.
   725 | D:1      | Found Xafienaq's General Store.
   928 | D:1      | Reached skill level 5 in Conjurations
  1019 | D:1      | Slain by a gnoll

Illustrated notes

Levels and vault maps discovered:
D:1:      dpeg_arrival_tiny_d, layout_basic, serial_shops, shop, shop,
          nicolae_shop_behind_doors, shop

Skill      XL: |  1  2 |
---------------+-------+-----
Conjurations   | 5 |  5.0
Fighting       | |  0.3
Staves         | |  0.4
Dodging        | |  2.6
Stealth        | |  2.6
Spellcasting   | |  3.2

Action                     || total
---------------------------++-------
  Melee: Lajatang          ||     9
   Cast: Magic Dart        ||    36
 Armour: Robe              ||     1
  Dodge: Dodged            ||    11

Table legend: (Time is in decaauts)
 A = Elapsed time spent in this place.
 B = Non-inter-level travel time spent in this place.
 C = Inter-level travel time spent in this place.
 D = Time resting spent in this place.
 E = Time spent auto-exploring this place.
 F = Levels seen in this place.
 G = Mean time per level.
                   A        B        C        D        E       F      G
               +--------+--------+--------+--------+--------+-----+--------+
         Total |   1020 |   1020 |      0 |    481 |    411 |   1 | 1020.0 |
       Dungeon |   1020 |   1020 |      0 |    481 |    411 |   1 | 1020.0 |
               +--------+--------+--------+--------+--------+-----+--------+

Top non-repeatable levels by time:
     D:1: 1020 daAuts
